 Dungeon Crawl Stone Soup version 0.23.2 (webtiles) character file.

Game seed: 8311097736973822295

14820 Peloso the Carver (level 11, -1/97 HPs)
             Began as a Minotaur Fighter on Apr 9, 2019.
             Was a High Priest of Okawaru.
             Slain by an eight-headed hydra (9 damage)
             ... on level 12 of the Dungeon.
             The game lasted 00:26:56 (12045 turns).

Peloso the Carver (Minotaur Fighter)               Turns: 12045, Time: 00:26:57

Health: -1/97      AC: 17    Str: 27    XL:     11   Next: 93%
Magic:  5/10       EV: 12    Int:  5    God:    Okawaru [*****.]
Gold:   681        SH: 15    Dex: 12    Spells: 10/10 levels left

rFire    . . .     SeeInvis .   D - +0 whip (flame)
rCold    + . .     Gourm    +   c - +0 shield
rNeg     . . .     Faith    .   A - +0 plate armour
rPois    .         Spirit   .   (helmet restricted)
rElec    .         Reflect  .   (no cloak)
rCorr    .         Harm     .   (no gloves)
MR       .....                  (no boots)
Stlth    ..........             F - amulet of the gourmand
HPRegen  0.26/turn              o - ring of protection from cold
MPRegen  0.12/turn              (no ring)

@: mighty, heroism
A: retaliatory headbutt, horns 2
a: Heroism, Finesse, Renounce Religion


You were on level 12 of the Dungeon.
You worshipped Okawaru.
Okawaru was extremely pleased with you.
You were very full.

You visited 2 branches of the dungeon, and saw 13 of its levels.

You collected 681 gold pieces.

Inventory:

Hand Weapons
 a - the +7 long sword of Okawaru's Hope {antimagic, MP+9 Int+2}
   (Okawaru gifted it to you on level 11 of the Dungeon)

   It reduces the magical energy of the wielder, and disrupts the spells and
   magical abilities of those hit.
   Natural abilities and divine invocations are not affected.
   It affects your intelligence (+2).
   It affects your magic capacity (+9).
 D - a +0 whip of flaming (weapon)
Missiles
 M - 9 bolts
Armour
 b - a +0 scale mail
 c - a +0 shield (worn)
 y - a +0 chain mail
 A - a +0 plate armour (worn)
Jewellery
 m - a +2 ring of intelligence
 o - a ring of protection from cold (left hand)
 t - a cursed -2 ring of intelligence
 u - an uncursed ring of flight
 F - an amulet of the gourmand (around neck)
Wands
 C - a wand of polymorph (3)
 H - a wand of iceblast (12)
 I - a wand of enslavement (6)
 J - a wand of acid (18)
Scrolls
 e - 3 scrolls of teleportation
 g - 3 scrolls of magic mapping {unknown}
 h - 5 scrolls of enchant armour {unknown}
 i - 2 scrolls of random uselessness {unknown}
 l - 5 scrolls of identify
 n - 3 scrolls of noise {unknown}
 r - 8 scrolls of remove curse
 s - a scroll of fog {unknown}
 w - a scroll of amnesia {unknown}
 E - a scroll of enchant weapon {unknown}
 G - a scroll of fear {unknown}
 K - a scroll of immolation {unknown}
 L - a scroll of silence {unknown}
Potions
 j - a potion of ambrosia
 k - 2 potions of flight
 p - 2 potions of haste
 q - 2 potions of agility
 v - a potion of magic
 x - a potion of cancellation {unknown}
 z - 4 potions of curing
 B - 3 potions of degeneration {unknown}
 N - 2 potions of heal wounds
Comestibles
 f - 26 rations


   Skills:
 + Level 9.1(14.1) Fighting
 + Level 13.7(18.7) Long Blades
 + Level 11.2(16.2) Armour
 + Level 3.2(8.2) Dodging
 + Level 1.5(6.5) Stealth
 + Level 12.1(17.1) Shields
 + Level 0.8 Invocations


You had 10 spell levels left.
You didn't know any spells.
Your spell library contained the following spells:

 Spells                   Type           Power        Failure   Level  Hunger
 Magic Dart               Conj           #...         97%         1    ##.....
 Searing Ray              Conj           #.....       99%         2    ###....
 Dazzling Spray           Conj/Hex       #.....       100%        3    ####...
 Force Lance              Conj/Tloc      #.......     100%        4    #####..
 Fulminant Prism          Conj/Hex       #.........   100%        4    #####..
 Iskenderun's Mystic Bla  Conj           #.......     100%        4    #####..
 Bolt of Magma            Conj/Fire/Erth #.........   100%        5    ######.
 Irradiate                Conj/Tmut      #.........   100%        5    ######.
 Iskenderun's Battlesphe  Conj/Chrm      #.......     100%        5    ######.
 Venom Bolt               Conj/Pois      #.........   100%        5    ######.
 Hydra Form               Tmut           #.........   100%        6    #######
 Iron Shot                Conj/Erth      #.........   100%        6    #######
 Statue Form              Tmut/Erth      #........    100%        6    #######
 Dragon Form              Tmut           #.........   100%        7    #######
 Orb of Destruction       Conj           #.........   100%        7    #######
 Spellforged Servitor     Conj/Summ      #.........   100%        7    #######


Dungeon Overview and Level Annotations

Branches:
Dungeon (12/15)            Temple (1/1) D:5            Lair (0/6) D:9
    Orc: D:9-12

Altars:
Cheibriados
Fedhas
Gozag
Hepliaklqana
Kikubaaqudgha
Nemelex Xobeh
Okawaru
Qazlal
Ru
Sif Muna
Trog
Uskayaw
Vehumet
Wu Jian
Xom
Yredelemnul
The Shining One
Beogh

Shops:
D:4 %   D:9 [

Annotations:
D:4 2 transporters, Tali's ghost, amateur DsBe
D:9 3 runed translucent doors, brittlin's ghost, journeyman GnWn


Innate Abilities, Weirdness & Mutations

You reflexively headbutt those who attack you in melee.
You have a pair of horns on your head.


Message History

The eight-headed hydra closely misses you.
The eight-headed hydra bites you!
* * * LOW HITPOINT WARNING * * *
The eight-headed hydra bites you but does no damage. x2
The eight-headed hydra barely misses you.
The eight-headed hydra bites you.
* * * LOW HITPOINT WARNING * * *
The eight-headed hydra bites you but does no damage.
You whack the eight-headed hydra! You burn the eight-headed hydra.
The eight-headed hydra is heavily wounded.
You block the eight-headed hydra's attack.
The eight-headed hydra bites you but does no damage.
The eight-headed hydra bites you.
* * * LOW HITPOINT WARNING * * *
The eight-headed hydra bites you.
* * * LOW HITPOINT WARNING * * *
The eight-headed hydra bites you.
* * * LOW HITPOINT WARNING * * *
The eight-headed hydra bites you!
You die...

##^.........
##...........
##............###
##................
##.......).........
##..(...............
##...................
##..).D...............
##....@................
#......................
#..................)...
#......................
#..................[≈≈≈
#.............###..≈≈≈≈
#.............# #..≈≈≈≈
#<............###..≈≈≈≈
#...................≈≈≈


You could see an eight-headed hydra.

Vanquished Creatures
  Harold (D:7)
  Fannar (D:11)
  A two-headed ogre (D:11)
  Urug (D:11)
  Pikel (D:6)
  2 ugly things (D:11)
  A manticore (D:11)
  A gargoyle (D:10)
  2 trolls
  3 hornets (D:11)
  A hippogriff (D:7)
  A water elemental (D:12)
  Menkaure (D:7)
  2 soldier ants (D:11)
  A water moccasin (D:8)
  3 porcupines (D:9)
  2 slaves
  7 sky beasts
  4 orc warriors
  5 ice beasts
  A black bear (D:11)
  12 ogres
  3 necrophages (D:7)
  A phantom (D:8)
  8 centaurs
  A crocodile (D:9)
  3 big kobolds
  12 bullfrogs
  A wyvern skeleton (D:8)
  4 scorpions
  6 killer bees (D:8)
  2 howler monkeys
  8 crimson imps
  3 centaur zombies
  3 hounds
  10 orc priests
  A bullfrog skeleton (D:9)
  5 jellies
  4 centaur skeletons
  Terence (D:2)
  2 iguanas
  17 orc wizards
  9 worker ants
  2 hound zombies
  A mummy (D:5)
  3 worker ant zombies
  9 adders
  4 shadow imps
  2 oozes
  2 adder zombies (D:5)
  3 worms
  2 dart slugs
  5 leopard geckos
  76 orcs
  3 giant cockroaches
  7 goblins
  7 hobgoblins
  28 jackals
  6 quokkas
  A ball python (D:6)
  11 bats
  3 frilled lizards
  A hobgoblin zombie (D:5)
  A jackal skeleton (D:5)
  18 kobolds
  A kobold zombie (D:5)
  2 orc zombies (D:5)
  7 rats
363 creatures vanquished.

Vanquished Creatures (others)
  2 bushes (D:7)
  2 fungi (D:9)
  8 plants
12 creatures vanquished.

Grand Total: 375 creatures vanquished

Notes
Turn   | Place    | Note
-------+----------+-------------------------------------------
     0 | D:1      | Peloso the Minotaur Fighter began the quest for the Orb.
     0 | D:1      | Reached XP level 1. HP: 19/19 MP: 0/0
    39 | D:1      | Reached XP level 2. HP: 21/27 MP: 1/1
   240 | D:1      | Reached XP level 3. HP: 25/33 MP: 2/2
   353 | D:1      | Reached skill level 3 in Long Blades
   642 | D:2      | Reached skill level 1 in Dodging
   691 | D:2      | Found a blossoming altar of Fedhas.
   743 | D:2      | Noticed Terence
   750 | D:2      | Killed Terence
   750 | D:2      | Reached XP level 4. HP: 30/40 MP: 3/3
  1701 | D:3      | Found a stormy altar of Qazlal.
  1701 | D:3      | Noticed an air elemental
  1702 | D:3      | Noticed a water elemental
  1702 | D:3      | Noticed a fire elemental
  1702 | D:3      | Noticed an earth elemental
  1818 | D:3      | Reached XP level 5. HP: 45/47 MP: 4/4
  1969 | D:3      | Reached skill level 4 in Long Blades
  2518 | D:4      | Found a transporter.
  2519 | D:4      | Noticed an ogre
  2522 | D:4      | Killed an ogre
  2522 | D:4      | Reached skill level 5 in Shields
  2522 | D:4      | Reached XP level 6. HP: 32/53 MP: 5/5
  2530 | D:4      | Found a transporter.
  2530 | D:4      | Noticed Tali's ghost (amateur DsBe)
  2534 | D:4      | Reached skill level 5 in Long Blades
  2729 | D:4      | Reached skill level 5 in Armour
  2926 | D:4      | Reached skill level 5 in Fighting
  2926 | D:4      | Reached skill level 6 in Long Blades
  2926 | D:4      | Reached XP level 7. HP: 61/61 MP: 6/6
  3152 | D:4      | Found Laobrist's Food Boutique.
  3573 | D:5      | Entered Level 5 of the Dungeon
  3732 | D:5      | Reached skill level 7 in Long Blades
  3861 | D:5      | Found a staircase to the Ecumenical Temple.
  3925 | Temple   | Entered the Ecumenical Temple
  3935 | Temple   | Became a worshipper of Warmaster Okawaru
  4408 | D:5      | Reached skill level 1 in Stealth
  4408 | D:5      | Reached XP level 8. HP: 60/68 MP: 7/7
  4808 | D:6      | Reached skill level 8 in Long Blades
  4879 | D:6      | Reached * piety under Okawaru
  5309 | D:6      | Found a deep blue altar of Sif Muna.
  5570 | D:7      | Reached skill level 9 in Long Blades
  5642 | D:7      | Noticed Pikel
  5682 | D:6      | Reached XP level 9. HP: 35/75 MP: 8/8
  5896 | D:6      | Killed Pikel
  5896 | D:6      | Reached ** piety under Okawaru
  6064 | D:7      | Noticed Menkaure
  6075 | D:7      | Killed Menkaure
  6102 | D:7      | Reached skill level 10 in Long Blades
  6145 | D:7      | Found a blossoming altar of Fedhas.
  6200 | D:7      | Noticed Harold
  6219 | D:7      | Killed Harold
  6219 | D:7      | Reached *** piety under Okawaru
  6696 | D:7      | Reached XP level 10. HP: 48/84 MP: 9/9
  7097 | D:8      | Reached skill level 11 in Long Blades
  7410 | D:8      | Reached skill level 10 in Shields
  7617 | D:8      | Reached **** piety under Okawaru
  8233 | D:9      | Found a staircase to the Lair.
  8266 | D:9      | Reached skill level 12 in Long Blades
  8326 | D:9      | Found Cosix's Antique Armour Shop.
  8595 | D:9      | Found a runed translucent gate.
  8595 | D:9      | Noticed brittlin's ghost (journeyman GnWn)
  8596 | D:9      | Found a runed translucent gate.
  8596 | D:9      | Identified the cursed +0 dagger "Vefroely" {venom, +Blink
                  | MP+9 Dex-2 Stlth+}
  8598 | D:9      | Found a runed translucent gate.
  8760 | D:10     | Entered Level 10 of the Dungeon
  8777 | D:10     | Found a roughly hewn altar of Beogh.
  9139 | D:10     | Reached skill level 10 in Armour
  9207 | D:10     | Reached XP level 11. HP: 93/93 MP: 10/10
  9397 | D:10     | Reached ***** piety under Okawaru
 10003 | D:11     | Found an opulent altar of Gozag.
 10016 | D:11     | Noticed Fannar
 10087 | D:11     | Killed Fannar
 10087 | D:11     | Received a gift from Okawaru
 10102 | D:11     | Got an ancient long sword {god gift}
 10103 | D:11     | Identified the +7 long sword of Okawaru's Hope {antimagic,
                  | MP+9 Int+2} (Okawaru gifted it to you on level 11 of the
                  | Dungeon)
 10499 | D:11     | Reached skill level 13 in Long Blades
 10559 | D:11     | Noticed a red ugly thing
 10768 | D:11     | Killed a red ugly thing
 10865 | D:11     | Noticed a two-headed ogre
 10875 | D:11     | Killed a two-headed ogre
 11243 | D:11     | Noticed Urug
 11274 | D:11     | Killed Urug
 11669 | D:11     | Received a gift from Okawaru
 11706 | D:11     | Noticed a cyan ugly thing
 11718 | D:11     | Killed a cyan ugly thing
 12028 | D:12     | Noticed an eight-headed hydra
 12045 | D:12     | Slain by an eight-headed hydra

Skill      XL: |  1  2  3  4  5  6  7  8  9 10 11 |
---------------+----------------------------------+-----
Armour         | 4 5 6 7 8 10 11 | 11.2
Fighting       | 4 5 6 7 9 |  9.1
Shields        | 4 5 6 7 9 10 12 | 12.1
Long Blades    | 3 4 6 7 9 10 12 13 | 13.7
Dodging        | 1 2 3 |  3.2
Stealth        | 1 |  1.5
Invocations    | |  0.8

Action                   |  1- 3 |  4- 6 |  7- 9 | 10-12 || total
-------------------------+-------+-------+-------+-------++-------
Melee: Long sword        |   109 |   144 |   364 |   719 ||  1336
       Headbutt          |    15 |    26 |    77 |   187 ||   305
       Whip              |       |       |       |     3 ||     3
Invok: Heroism           |       |       |     2 |     6 ||     8
  Use: Scroll            |       |       |     8 |     2 ||    10
       Potion            |       |       |     1 |     4 ||     5
  Eat: Chunk             |       |     6 |     7 |    31 ||    44
       Ration            |       |       |     2 |       ||     2
Armor: Scale mail        |    48 |    58 |     8 |       ||   114
       Chain mail        |       |       |    14 |       ||    14
       Plate armour      |       |       |   145 |   262 ||   407
Dodge: Dodged            |    42 |    55 |    81 |   179 ||   357
Block: Shield            |    54 |    71 |   199 |   420 ||   744
       Rpst.: Long sword |    11 |    18 |    27 |    49 ||   105
